AoeStats
← daumasson

Black Forest

510278708Analyzed
4v4 RM · 16h ago on Sep 30, 2026· 32m 55s· 8 players
Game mode
Random Map
Map size
Large (8 player)
Population
200
Speed
Normal
Resources
Standard
Victory
Conquest
Starting age
Dark Age
Ending age
Imperial Age
RankedLock teamsTeams togetherTeam positionsShared explorationLock speedFull tech treeHidden civsTurbo modeCheats
Victory
Defeat
🇳🇱 Burmese · Netherlands
1848
+4
🇻🇳 Aztecs · Vietnam
1827
+5
🇨🇳 Bengalis · China
1763
+6
🇭🇺 Bohemians · Hungary
1596
+11
🇭🇰 Spanish · Hong Kong SAR China
1586
-8
🇩🇪 Turks · Germany
1546
-7
🇩🇪 Hindustanis · Germany
1527
-7
🇨🇳 Burgundians · China
1418
-4
Ceeelebrate
0:49 Loom
10:54 Feudal Age
11:00 Man-at-Arms
21:15 Castle Age
30:32 Wheelbarrow
29:42 Town Watch
29:50 Horse Collar
30:35 Heavy Plow
31:52 Hand Cart
31:23 Fishing Lines
35:37 Imperial Age
33:07 Gold Mining
33:08 Stone Mining
_John_
6:56 Loom
9:18 Feudal Age
9:25 Man-at-Arms
21:31 Castle Age
19:51 Double-Bit Axe
20:41 Horse Collar
20:52 Fletching
22:54 Bodkin Arrow
ChauNg
11:06 Feudal Age
14:34 Castle Age
12:50 Double-Bit Axe
13:43 Fishing Lines
16:13 Bow Saw
19:25 Horse Collar
19:45 Gillnets
20:16 Heavy Plow
22:54 Wheelbarrow
22:15 Gold Mining
26:54 Imperial Age
25:12 Hand Cart
24:44 Town Watch
25:45 Gold Shaft Mining
24:43 Crossbowman
25:24 Fletching
26:11 Bodkin Arrow
26:43 Padded Archer Armor
27:09 Arbalester
27:50 Bracer
28:16 Ballistics
29:08 Chemistry
28:45 Leather Archer Armor
28:59 Conscription
29:07 Capped Ram
30:44 Crop Rotation
30:16 Atlatl
30:20 Scale Mail Armor
30:30 Forging
31:17 Squires
31:02 Arson
31:33 Chain Mail Armor
30:40 Eagle Warrior
32:31 Iron Casting
33:14 Garland Wars
爱人跟人走
6:40 Loom
8:52 Feudal Age
9:33 Double-Bit Axe
15:32 Fishing Lines
23:31 Castle Age
24:40 Wheelbarrow
24:09 Gillnets
24:30 Bow Saw
25:33 Gold Mining
25:28 Horse Collar
26:51 Gold Shaft Mining
28:08 Hand Cart
27:45 Stone Mining
30:52 Imperial Age
28:45 Heavy Plow
29:04 Caravan
29:33 Husbandry
29:43 Bloodlines
29:42 Scale Barding Armor
29:48 Forging
30:45 Chain Barding Armor
33:07 Plate Barding Armor
33:05 Guilds
32:53 Elite Battle Elephant
daumasson
10:37 Feudal Age
14:31 Castle Age
13:14 Double-Bit Axe
15:52 Loom
20:38 Wheelbarrow
22:35 Hand Cart
23:43 Loom
23:44 Town Watch
28:47 Imperial Age
26:19 Horse Collar
26:52 Bow Saw
28:14 Scale Mail Armor
28:25 Forging
28:56 Siege Elephant
31:30 Chemistry
31:41 Conscription
31:43 Chain Mail Armor
31:52 Scale Barding Armor
32:33 Husbandry
32:48 Fletching
mc 88
0:32 Loom
10:16 Feudal Age
20:13 Horse Collar
21:48 Double-Bit Axe
27:06 Castle Age
28:55 Bow Saw
Fanume
5:48 Loom
12:10 Feudal Age
16:10 Castle Age
14:13 Double-Bit Axe
15:06 Gold Mining
15:43 Fishing Lines
22:18 Imperial Age
20:32 Bow Saw
22:13 Wheelbarrow
22:17 Sanctity
22:41 Padded Archer Armor
24:00 Leather Archer Armor
25:32 Hand Cart
26:52 Town Watch
28:51 Ring Archer Armor
28:41 Redemption
勇敢牛牛
1:40 Loom
4:37 Double-Bit Axe
11:25 Wheelbarrow
10:58 Fishing Lines
13:06 Feudal Age
Connection lost

Rejoining the realm…

Still unreachable

The connection could not be restored.

Session expired

The server has moved on; the page needs a fresh start.